 Dungeon Crawl Stone Soup version 0.31-a0-868-g674d60d6f7 (webtiles) character file.

Game seed: 7759461034149938737

140 LeprechaunX the Changeling (level 5, -2/34 HPs)
             Began as an Octopode Shapeshifter on Oct 11, 2023.
             Slain by a gnoll
             ... wielding a +0 halberd
              (11 damage)
             ... on level 4 of the Dungeon.
             The game lasted 00:02:12 (2219 turns).

LeprechaunX the Changeling (Octopode Shapeshifter)  Turns: 2219, Time: 00:02:12

Health: -2/34      AC:  1    Str: 15    XL:     5   Next: 23%
Magic:  5/5        EV: 13    Int: 13    God:
Gold:   157        SH:  0    Dex: 11    Spells: 4/4 levels left

rFire   . .          .
                       - Unarmed
rCold   . . .        (no shield)
rNeg    . . .        (helmet currently unavailable)
rPois   .            r - amulet of regeneration
rElec   .            m - ring of flight
rCorr   .            (no ring)
SInv    .            (no ring)
Will    .....        (no ring)
Stlth   ++           (no ring)
HPRegen 1.05/turn    (no ring)
MPRegen 0.09/turn    (no ring)
                     (no ring)

%: no passive effects
@: beast-form, flying
A: beast (slay +2), almost no armour, amphibious, 8 rings, camouflage 1,
gelatinous body 1, (nimble swimmer 1), tentacles
a: Begin Untransformation


You were on level 4 of the Dungeon.
You were a hulking beast.
You visited 1 branch of the dungeon, and saw 4 of its levels.

You collected 157 gold pieces.

Inventory:

Armour
 h - an orb of wrath
Jewellery
 m - a ring of flight (left tentacle)
 r - an amulet of regeneration (around mantle)
Talismans
 b - a beast talisman (active)
 c - a flux talisman
Scrolls
 e - 2 scrolls of identify {unknown}
 f - 2 scrolls of amnesia {unknown}
 g - a scroll of teleportation {unknown}
 i - 2 scrolls of fear {unknown}
 k - a scroll of enchant armour {unknown}
 n - a scroll of fog {unknown}
 o - a scroll of vulnerability {unknown}
 p - a scroll of torment {unknown}
 q - a scroll of revelation {unknown}
Potions
 a - a potion of lignification
 d - a potion of mutation {unknown}
 j - a potion of curing {unknown}
 l - a potion of brilliance {unknown}


   Skills:
 + Level 2.2 Fighting
 + Level 2.8 Dodging
 + Level 3.7 Unarmed Combat
 * Level 4.1 Shapeshifting


You had 4 spell levels left.
You didn't know any spells.
Your spell library contained the following spells:

 Spells                   Type           Power      Damage    Failure   Level
 Poisonous Vapours        Pois/Air       0%         N/A       43%         2
 Mephitic Cloud           Conj/Pois/Air  0%         N/A       67%         3
 Freezing Cloud           Conj/Ice/Air   0%         6-21      100%        5


Dungeon Overview and Level Annotations

Branches:
Dungeon (4/15)
 Temple: D:4-7

Altars:
Cheibriados

Annotations:
D:2 1 runed translucent door, Crazy Yiuf


Innate Abilities, Weirdness & Mutations

You are a hulking beast.
Your limbs bulge with bestial killing power. (Slay +2)
You cannot wear most types of armour.
You are amphibious.
You can wear up to eight rings at the same time.
Your skin changes colour to match your surroundings (Stealth+).
Your rubbery body absorbs attacks. (AC +1, EV +1)
((You are camouflaged when in or above water. (Stealth+)))
You have tentacles for arms and can constrict up to eight enemies at once.


Message History

You constrict the gnoll. The gnoll misses you.
You tentacle-slap the gnoll. You squeeze the gnoll.
The gnoll is almost dead.
You constrict the gnoll.
You kill the gnoll!
The jackal misses you.
You tentacle-slap the jackal.
You kill the jackal!
You barely miss the jackal. Your grab misses the jackal. The jackal misses you.
You barely miss the jackal. You grab the jackal. You constrict the jackal.
The jackal bites you. x2
You tentacle-slap the jackal but do no damage.
The jackal is heavily wounded.
You constrict the jackal.
You kill the jackal!
You completely miss the endoplasm. The endoplasm barely misses you.
The gnoll misses you.
You tentacle-slap the endoplasm.
The endoplasm is moderately wounded.
The endoplasm freezes you.
You are frozen.
The gnoll misses you.
You tentacle-slap the endoplasm.
The endoplasm is almost dead.
The endoplasm misses you.
The gnoll hits you from afar with a +0 halberd!
You tentacle-slap the endoplasm.
You kill the endoplasm!
You hear the slow rusting of a very distant drain.
The gnoll barely misses you. The gnoll barely misses you.
The gnoll hits you from afar with a +0 spear.
Things that are here:
a +0 club; a jackal corpse You completely miss the gnoll.
Your grab misses the gnoll. The gnoll closely misses you.
The gnoll hits you from afar with a +0 spear!
* * * LOW HITPOINT WARNING * * *
You barely miss the gnoll. You grab the gnoll. You constrict the gnoll.
The kobold barely misses you. The gnoll hits you with a +0 halberd!
You die...

#.######.#.........#
#.# ####.#....<....#
#.# #..............#
#.# #.##.#######.###
#.###.##.# .#
#.##..##.# #
#........#
####K##### #h# #g#
#g. #... #....
...... #.####. #..
.#


You could see 2 gnolls and a kobold.

Vanquished Creatures
  An iguana (D:3)
  2 gnolls (D:4)
  2 adders
  2 dart slugs
  6 bats
  5 endoplasms
  A giant cockroach (D:3)
  9 goblins
  4 hobgoblins
  9 jackals
  8 kobolds
  2 quokkas (D:2)
  7 ball pythons (D:2)
  3 frilled lizards
  5 rats
66 creatures vanquished.

Notes
Turn   | Place    | Note
-------+----------+-------------------------------------------
     0 | D:1      | LeprechaunX the Octopode Shapeshifter began the quest for
                  | the Orb.
     0 | D:1      | Reached XP level 1. HP: 13/13 MP: 1/1
    98 | D:1      | Reached XP level 2. HP: 18/18 MP: 2/2
   648 | D:2      | Found a runed translucent door.
   649 | D:2      | Noticed Crazy Yiuf
   693 | D:2      | Reached XP level 3. HP: 23/23 MP: 3/3
  1128 | D:2      | Reached XP level 4. HP: 25/29 MP: 4/4
  1624 | D:3      | Found a snail-covered altar of Cheibriados.
  1821 | D:3      | Reached skill level 4 in Shapeshifting
  2026 | D:3      | Reached XP level 5. HP: 29/34 MP: 5/5
  2219 | D:4      | Slain by a gnoll

Illustrated notes

Levels and vault maps discovered:
D:1:      ncdulo_lavacross, layout_loops_ring
D:2:      layout_basic, minmay_increasing_density, uniq_crazy_yiuf_cottage
D:3:      layout_basic, mainiacjoe_overflow_paths
D:4:      layout_loops_corners, portal_sewer_entry_d, uniq_pikel

Skill      XL: |  1  2  3  4 |
---------------+-------------+-----
Fighting       | 2 |  2.2
Shapeshifting  | 4 |  4.1
Dodging        | |  2.8
Unarmed Combat | |  3.7

Action                     |  1- 3 |  4- 6 || total
---------------------------+-------+-------++-------
  Melee: Unarmed           |    62 |    53 ||   115
         Constrict         |    17 |    10 ||    27
         Tentacles         |     8 |     8 ||    16
         Punch             |     3 |     1 ||     4
   Stab: Sleeping          |     5 |     2 ||     7
 Armour: Skin              |    25 |    23 ||    48
  Dodge: Dodged            |    27 |    30 ||    57

Table legend: (Time is in decaauts)
 A = Elapsed time spent in this place.
 B = Non-inter-level travel time spent in this place.
 C = Inter-level travel time spent in this place.
 D = Time resting spent in this place.
 E = Time spent auto-exploring this place.
 F = Levels seen in this place.
 G = Mean time per level.
                   A        B        C        D        E       F      G
               +--------+--------+--------+--------+--------+-----+--------+
         Total |   2211 |   2124 |     87 |     83 |   1704 |   4 |  552.8 |
       Dungeon |   2211 |   2124 |     87 |     83 |   1704 |   4 |  552.8 |
               +--------+--------+--------+--------+--------+-----+--------+

Top non-repeatable levels by time:
     D:2: 927 daAuts
     D:3: 670 daAuts
     D:1: 560 daAuts
     D:4: 52 daAuts
